Map: Disco Bloodbath LE

Players

Cure

  • Race: Terran Terran
  • League: Master
  • Spawn Location: 9:00

llllllllllll (Trap) - Winner!

  • Race: Protoss Protoss
  • League: Master
  • Spawn Location: 3:00

Event: HomeStory Cup XX

VOD

Have the link to the VOD?

Description

Time

  • Played on: Nov. 24, 2019, 6:50 a.m.
  • Length: 15:05

All games in this series

Show
View Real Time Build Order
Export as new Build Order

Cure Terran 

Build Orders: Gas First Reaper Expand, Banshee Rush 

Get SALT Encoding   

  12  0:00  SCV  
  13  0:12  SCV  
  14  0:17  Supply Depot  
  14  0:24  SCV  
  14  0:27  Refinery  
  15  0:38  SCV  
  16  0:43  Barracks  
  16  0:50  SCV  
  17  1:02  SCV  
  18  1:15  SCV  
  19  1:30  Orbital Command, Reaper  
  20  1:42  Command Center  
  20  1:55  SCV  
  20  1:58  Factory  
  21  2:05  Barracks Reactor  
  21  2:09  SCV  
  21  2:14  Supply Depot  
  22  2:19  Refinery  
  22  2:21  SCV  
  23  2:36  SCV  
  24  2:44  Starport  
  24  2:48  SCV  
  24  2:49  Hellion x2  
  29  2:56  Orbital Command  
  29  3:00  SCV  
  29  3:02  Barracks Tech Lab  
  30  3:11  Hellion x2  
  34  3:14  SCV  
  35  3:23  SCV  
  35  3:26  SCV  
  37  3:28  Cloaking Field  
  37  3:30  Banshee  
  40  3:36  Supply Depot  
  40  3:38  Factory Tech Lab  
  40  3:39  SCV  
  40  3:40  SCV  
  42  3:44  Marine x2  
  44  3:49  Supply Depot  
  44  3:52  SCV x2  
  47  4:04  SCV x2  
  47  4:07  Siege Tank  
  47  4:08  Marine x2  
  51  4:13  Banshee  
  51  4:16  SCV x2  
  51  4:17  Supply Depot  
  56  4:26  Marine x2  
  56  4:28  SCV x2  
  60  4:39  Supply Depot  
  60  4:40  SCV x2  
  60  4:42  Command Center  
  60  4:45  Siege Tank  
  66  4:52  SCV  
  66  4:53  SCV  
  66  5:03  Marine, Stimpack  
  66  5:04  Barracks  
  66  5:05  SCV x2  
  66  5:06  Barracks  
  69  5:07  Supply Depot  
  69  5:16  Starport Reactor  
  69  5:17  SCV x2  
  70  5:21  Marauder  
  70  5:23  Refinery x2  
  70  5:30  SCV x2  
  70  5:38  Factory Reactor, Engineering Bay  
  70  5:39  Engineering Bay  
  70  5:42  Marauder  
  70  5:48  SCV x2  
  70  5:49  Barracks x2  
  72  5:56  Orbital Command  
  70  5:58  Combat Shield  
  70  5:59  Marauder  
  70  6:02  Marine  
  70  6:03  Marine  
  70  6:04  Marauder, SCV x2  
  77  6:06  Terran Infantry Weapons Level 1  
  77  6:08  Terran Infantry Armor Level 1  
  78  6:17  SCV x2  
  77  6:21  Marine x2, Marauder  
  77  6:25  Marauder, Medivac, Supply Depot  
  85  6:27  SCV  
  85  6:29  SCV x2  
  85  6:31  Medivac  
  90  6:37  Barracks Tech Lab, Orbital Command  
  90  6:38  Barracks Reactor  
  90  6:42  Marine x2  
  90  6:43  Marauder  
  90  6:45  SCV x2  
  90  6:46  Supply Depot  
  96  6:47  Supply Depot  
  96  6:49  Marauder  
  96  6:50  Widow Mine x2  
  96  6:53  Supply Depot  
  102  6:59  SCV x2  
  104  7:02  Marine x2, Marauder  
  104  7:06  SCV  
  111  7:08  Marauder  
  111  7:10  Medivac  
  111  7:11  Concussive Shells, SCV x2  
  111  7:13  Widow Mine x2  
  111  7:14  Marauder  
  111  7:15  Marine  
  122  7:16  Marine  
  122  7:22  Supply Depot  
  123  7:23  SCV x2  
  123  7:24  SCV  
  123  7:25  Marine x2, Marauder  
  130  7:31  Supply Depot  
  130  7:32  Marine  
  130  7:33  Refinery x2, Marine  
  130  7:35  Marine  
  135  7:44  Marauder  
  135  7:46  Medivac x2, Supply Depot  
  135  7:47  Widow Mine  
  138  7:54  Supply Depot  
  136  7:59  Marine x4, Marauder x2  
  136  8:02  SCV x2  
  136  8:03  SCV  
  147  8:05  Marauder  
  147  8:08  Engineering Bay, Armory  
  147  8:16  Viking x2  
  147  8:18  Starport  
  151  8:23  Supply Depot x2  
  151  8:26  Ghost Academy  
  151  8:35  Marine x4, Marauder  
  151  8:36  Marauder x2  
  161  8:46  Viking  
  161  8:53  Marine x4  
  161  8:54  Viking  
  167  8:57  Marauder x3  
  171  9:11  Marine x2  
  171  9:16  Enhanced Shockwaves  
  171  9:21  Supply Depot  
  171  9:22  Supply Depot x3  
  165  9:26  Orbital Command  
  156  9:43  Ghost x2  
  156  9:44  Marine, Marauder  
  122  9:53  Marine x3  
  122  9:57  Terran Infantry Weapons Level 2  
  128  10:02  Marine  
  128  10:04  Ghost  
  128  10:09  Missile Turret  
  128  10:12  Ghost x2, Missile Turret  
  128  10:13  Marine x2  
  134  10:14  Refinery  
  134  10:15  Marine  
  134  10:18  Refinery  
  134  10:19  Terran Infantry Armor Level 2  
  135  10:26  Missile Turret  
  135  10:29  Marine  
  135  10:31  Marine x2  
  135  10:33  Marine, Ghost  
  135  10:34  Medivac  
  143  10:41  Marauder x2, Barracks  
  143  10:42  Medivac  
  149  10:44  Barracks x2  
  149  10:49  Medivac  
  151  10:55  Supply Depot  
  151  10:56  Supply Depot, Command Center  
  151  10:59  Missile Turret  
  151  11:02  Ghost  
  152  11:06  Ghost  
  152  11:07  Marine x2  
  152  11:08  Marine x2  
  157  11:12  Medivac  
  157  11:16  Marauder  
  161  11:23  Viking  
  161  11:24  Supply Depot  
  161  11:25  Marine x2  
  167  11:34  Barracks Tech Lab  
  167  11:35  Barracks Tech Lab, Barracks Reactor  
  167  11:37  Marine x2  
  167  11:38  Marauder x3  
  175  11:42  Viking  
  175  11:43  Marine  
  178  11:52  Marauder  
  178  11:53  Marine x2  
  179  11:55  Marine  
  179  11:59  Marauder x3, Fusion Core  
  179  12:00  Marine  
  179  12:01  Marine  
  187  12:05  Missile Turret  
  188  12:12  Marine x3, Marauder  
  188  12:14  Marauder  
  193  12:20  Marauder, Terran Infantry Weapons Level 3  
  195  12:32  Marine x2, Marauder  
  195  12:33  Marauder, Liberator x2  
  195  12:36  Refinery  
  200  12:38  Refinery  
  164  12:53  Planetary Fortress  
  164  13:02  Marine, Marauder  
  164  13:04  Marine x3  
  152  13:22  Marine x5, Marauder x3  
  152  13:23  Marauder, Marine  
  152  13:24  Marauder, Liberator  
  168  13:30  Liberator, SCV  
  168  13:31  SCV x3  
  172  13:40  Marine x5  
  177  13:41  Marine  
  177  13:44  Marauder x2, Advanced Ballistics  
  187  13:52  Marine x2  
  187  13:53  Marauder  
  191  13:57  Marine x2  
  191  13:59  Marine x2  
  161  14:03  Marine  
  161  14:04  Marine  
  161  14:05  Marauder x2  
  138  14:10  Marauder, Ghost  
  138  14:13  Marine  
  135  14:18  Marine  
  135  14:20  Marine  
  134  14:25  Ghost  
  134  14:26  Marine, Ghost  
  131  14:31  Ghost x2  
Show
View Real Time Build Order
Export as new Build Order

llllllllllll Protoss - Winner!

Build Orders: 1 Gate Expand, Blink Stalkers 

Get SALT Encoding   

  12  0:00  Probe  
  13  0:12  Probe  
  14  0:17  Pylon  
  14  0:24  Probe  
  15  0:32  Probe  
  15  0:36  Gateway  
  15  0:40  Probe  
  16  0:46  Assimilator  
  17  0:51  Probe  
  18  1:03  Probe  
  19  1:15  Probe  
  20  1:22  Nexus  
  20  1:32  Cybernetics Core  
  20  1:35  Probe  
  21  1:42  Assimilator  
  21  1:47  Probe  
  21  1:50  Pylon  
  22  1:59  Adept, Probe  
  23  2:08  Warp Gate  
  23  2:11  Probe  
  26  2:19  Adept, Twilight Council  
  26  2:23  Probe  
  29  2:30  Probe  
  29  2:35  Probe  
  29  2:36  Blink  
  31  2:38  Probe  
  32  2:48  Stalker, Probe x2  
  36  3:00  Probe  
  36  3:02  Probe  
  38  3:08  Pylon  
  38  3:14  Probe  
  38  3:16  Probe  
  38  3:18  Stalker  
  41  3:31  Probe, Gateway  
  41  3:33  Probe, Gateway  
  43  3:41  Robotics Facility  
  43  3:45  Probe x2  
  45  3:56  Pylon, Stalker  
  45  3:57  Probe x2  
  49  4:03  Gateway  
  49  4:09  Probe  
  47  4:10  Probe  
  47  4:11  Assimilator  
  47  4:15  Assimilator  
  47  4:21  Probe  
  47  4:22  Observer, Probe  
  49  4:26  Stalker x2  
  54  4:33  Pylon  
  54  4:34  Stalker, Probe x2  
  54  4:35  Pylon  
  58  4:40  Observer  
  59  4:50  Stalker  
  59  4:51  Stalker  
  63  4:59  Robotics Bay  
  63  5:02  Forge  
  63  5:10  Probe  
  63  5:13  Probe  
  63  5:18  Probe  
  63  5:20  Nexus  
  61  5:21  Observer  
  61  5:25  Probe  
  61  5:27  Probe  
  64  5:31  Shield Battery  
  64  5:35  Protoss Ground Weapons Level 1  
  65  5:36  Stalker x3  
  65  5:38  Probe  
  65  5:40  Probe  
  73  5:50  Probe  
  73  5:52  Probe  
  73  5:56  Pylon  
  75  6:00  Pylon  
  75  6:02  Gateway  
  75  6:03  Colossus  
  75  6:07  Extended Thermal Lance  
  75  6:13  Gateway  
  75  6:14  Charge  
  75  6:15  Probe x2  
  81  6:29  Probe, Gateway  
  81  6:30  Gateway  
  81  6:31  Probe  
  83  6:39  Sentry x3  
  89  6:44  Probe x2  
  89  6:45  Probe  
  89  6:46  Gateway  
  89  6:47  Colossus  
  92  6:55  Pylon  
  98  7:03  Zealot x2  
  98  7:04  Zealot  
  98  7:08  Pylon  
  104  7:11  Probe x3  
  107  7:17  Assimilator  
  107  7:20  Assimilator  
  107  7:21  Templar Archives  
  107  7:23  Probe x3  
  107  7:29  Pylon  
  110  7:32  Warp Prism  
  110  7:34  Zealot x3  
  110  7:35  Zealot  
  118  7:38  Pylon  
  118  7:41  Protoss Ground Armor Level 1  
  120  8:04  Zealot x4  
  120  8:05  Zealot x3  
  134  8:06  Zealot  
  134  8:10  Pylon  
  136  8:14  Pylon  
  136  8:22  Pylon  
  136  8:24  Pylon  
  134  8:28  High Templar x2  
  134  8:29  High Templar x4  
  134  8:30  Zealot  
  134  8:31  Colossus  
  134  8:33  Archon x2  
  134  8:34  Archon, Zealot  
  152  8:58  Pylon  
  152  8:59  Pylon  
  150  9:12  Stalker x7  
  150  9:13  Stalker  
  165  9:20  Forge  
  141  9:41  High Templar x2  
  131  9:46  Nexus  
  131  9:51  Protoss Ground Weapons Level 2  
  127  9:53  High Templar x2  
  127  9:54  Protoss Ground Armor Level 2  
  127  9:56  Pylon  
  127  9:58  Zealot x4  
  139  10:01  Probe x3  
  139  10:02  Pylon  
  139  10:03  Disruptor  
  142  10:08  Pylon  
  142  10:13  Probe  
  140  10:16  Probe x2, Robotics Facility  
  142  10:25  Probe  
  142  10:26  Observer  
  143  10:28  Probe x2, Gravitic Drive  
  145  10:37  Probe  
  145  10:38  High Templar  
  145  10:39  Disruptor, High Templar, Zealot x4  
  145  10:41  Zealot  
  160  10:43  Zealot  
  162  10:55  Assimilator  
  165  10:58  Assimilator  
  165  11:00  Disruptor  
  165  11:02  Robotics Facility  
  166  11:04  Probe x4  
  166  11:06  Disruptor  
  166  11:07  Photon Cannon  
  175  11:26  Nexus  
  175  11:30  Observer  
  174  11:34  Disruptor  
  174  11:36  Disruptor  
  177  11:43  Pylon, Disruptor  
  180  11:47  Gateway  
  180  11:50  Gateway  
  183  11:55  Gateway  
  181  12:08  Observer  
  181  12:09  Disruptor  
  181  12:11  Disruptor  
  181  12:14  Zealot x5  
  186  12:27  Disruptor, Archon  
  186  12:28  Psionic Storm  
  187  12:38  High Templar x3, Zealot x3  
  187  12:40  Disruptor  
  193  12:45  Observer  
  180  12:57  Zealot x5  
  190  12:58  Warp Prism  
  178  13:24  Zealot x3  
  178  13:25  Zealot x6  
  178  13:26  Disruptor x2  
  182  13:34  Disruptor  
  182  13:46  Zealot x8  
  182  13:47  Zealot  
  179  14:07  Stalker x8  
  179  14:08  Warp Prism, Disruptor  
  179  14:09  Disruptor  
  143  14:53  Zealot x2  
  143  14:54  Zealot x9  
Tags
 
Add a new tag
Caveats
  • Supply blocks, unpowered buildings, or Contaminate may cause inaccurate times.
  • Supply counts are checked every 10 seconds.